TOP OF THE 1ST |
Clinton LumberKings batting - Pitching for Charleston RiverDogs : RHP Vince DeFord
|
Pitching: RHP Vince DeFord
|
|
Batting: RHB Rick Ellis
|
0-0: Ball 1-0: Called Strike 1-1: Foul Ball, location: 2F 1-2: Ball 2-2: Foul Ball, location: 2F 2-2: SOLO HOME RUN (Flyball, 78XD, EV 114.4 MPH), Distance : 439 ft
|
Batting: SHB Jose Castillo
|
0-0: Called Strike 0-1: Fly out, F9 (Flyball, 9, EV 80.0 MPH)
|
Batting: RHB Josh Ruhl
|
0-0: Called Strike 0-1: Ball 1-1: Ball 2-1: Foul Ball, location: 2F 2-2: Ball 3-2: Base on Balls
|
Batting: LHB Justin Long
|
0-0: Called Strike 0-1: 2-RUN HOME RUN (Flyball, 7LD, EV 96.3 MPH), Distance : 374 ft
|
Batting: LHB Jason Hopkins
|
0-0: Called Strike 0-1: Foul Ball, location: 2F 0-2: Foul Ball, location: 2F 0-2: Strikes out looking
|
Batting: SHB Detlef Oursler
|
0-0: Ground out 6-3 (Groundball, 6, EV 88.1 MPH)
|
Top of the 1st over - 3 runs, 2 hits, 0 errors, 0 left on base; Clinton 3 - Charleston 0 |
BOTTOM OF THE 1ST |
Charleston RiverDogs batting - Pitching for Clinton LumberKings : LHP Chan-u Lee
|
Pitching: LHP Chan-u Lee
|
|
Batting: RHB Luwen Storm
|
0-0: Foul Ball, location: 2F 0-1: Ball 1-1: Foul Ball, location: 2F 1-2: Ball 2-2: Foul Ball, location: 2F 2-2: Fly out, F7 (Flyball, 7LS, EV 92.5 MPH)
|
Batting: RHB James Boynton
|
0-0: SINGLE (Line Drive, 89S, EV 100.0 MPH)
|
Batting: RHB Mike Gifford
|
0-0: Ball 1-0: Ball 2-0: Ball 3-0: Called Strike 3-1: Called Strike 3-2: Ground out 5-3 (Groundball, 56S, EV 69.4 MPH) James Boynton to second
|
Batting: RHB Steve Martin
|
0-0: Ball 1-0: Ball 2-0: Ball 3-0: Base on Balls
|
Batting: LHB Tatsuo Yasui
|
0-0: Ball 1-0: Ball 2-0: Ground out 5-3 (Groundball, 56S, EV 65.0 MPH)
|
Bottom of the 1st over - 0 runs, 1 hit, 0 errors, 2 left on base; Clinton 3 - Charleston 0 |
TOP OF THE 2ND |
Clinton LumberKings batting - Pitching for Charleston RiverDogs : RHP Vince DeFord
|
Batting: LHB Brian Butler
|
0-0: Called Strike 0-1: Ball 1-1: Foul Ball, location: 2F 1-2: Strikes out swinging
|
Batting: RHB Emmanuel Thomas
|
0-0: Called Strike 0-1: Swinging Strike 0-2: Strikes out swinging
|
Batting: SHB Victor Rijos
|
0-0: Called Strike 0-1: Swinging Strike 0-2: Strikes out swinging
|
Top of the 2nd over - 0 runs, 0 hits, 0 errors, 0 left on base; Clinton 3 - Charleston 0 |
BOTTOM OF THE 2ND |
Charleston RiverDogs batting - Pitching for Clinton LumberKings : LHP Chan-u Lee
|
Batting: SHB Blake Abbott
|
0-0: Ball 1-0: Foul Ball, location: 2F 1-1: Foul Ball, location: 2F 1-2: Strikes out swinging
|
Batting: SHB Mike Goad
|
0-0: Ball 1-0: Called Strike 1-1: Swinging Strike 1-2: Ball 2-2: Ball 3-2: Fly out, F8 (Flyball, 89D, EV 95.6 MPH)
|
Batting: RHB Eric Blais
|
0-0: Ball 1-0: Ground out 6-3 (Groundball, 56, EV 78.1 MPH)
|
Bottom of the 2nd over - 0 runs, 0 hits, 0 errors, 0 left on base; Clinton 3 - Charleston 0 |
TOP OF THE 3RD |
Clinton LumberKings batting - Pitching for Charleston RiverDogs : RHP Vince DeFord
|
Batting: RHB Rick Ellis
|
0-0: Ball 1-0: Called Strike 1-1: Fly out, F8 (Line Drive, 8RM, EV 105.6 MPH)
|
Batting: SHB Jose Castillo
|
0-0: Foul Ball, location: 2F 0-1: Swinging Strike 0-2: Ball 1-2: Strikes out swinging
|
Batting: RHB Josh Ruhl
|
0-0: Ground out 4-3 (Groundball, 34, EV 96.9 MPH)
|
Top of the 3rd over - 0 runs, 0 hits, 0 errors, 0 left on base; Clinton 3 - Charleston 0 |
BOTTOM OF THE 3RD |
Charleston RiverDogs batting - Pitching for Clinton LumberKings : LHP Chan-u Lee
|
Batting: RHB Nick Massengale
|
0-0: Ball 1-0: DOUBLE (Groundball, 5L, EV 108.1 MPH)
|
Batting: RHB Luwen Storm
|
0-0: Foul Ball, location: 2F 0-1: Called Strike 0-2: Ball 1-2: Ball 2-2: Ground out U3 (Groundball, 3S, EV 66.3 MPH) Nick Massengale to third
|
Batting: RHB James Boynton
|
0-0: Foul Ball, location: 2F 0-1: Ball 1-1: Fly out, F9 (Flyball, 89D, EV 96.9 MPH) Runner from 3rd tags up, SCORES, throw by RF
|
Batting: RHB Mike Gifford
|
0-0: Ball 1-0: SINGLE (Line Drive, 9S, EV 105.0 MPH)
|
Batting: RHB Steve Martin
|
0-0: Foul Ball, location: 2F 0-1: Called Strike 0-2: Ball Mike Gifford is caught stealing 2nd base 2-4
|
Bottom of the 3rd over - 1 run, 2 hits, 0 errors, 0 left on base; Clinton 3 - Charleston 1 |
TOP OF THE 4TH |
Clinton LumberKings batting - Pitching for Charleston RiverDogs : RHP Vince DeFord
|
Batting: LHB Justin Long
|
0-0: Called Strike 0-1: Ball 1-1: Foul Ball, location: 2F 1-2: Strikes out swinging
|
Batting: LHB Jason Hopkins
|
0-0: Ball 1-0: Called Strike 1-1: Foul Ball, location: 2F 1-2: Strikes out swinging
|
Batting: SHB Detlef Oursler
|
0-0: Ball 1-0: Fly out, F7 (Flyball, 7S, EV 87.5 MPH)
|
Top of the 4th over - 0 runs, 0 hits, 0 errors, 0 left on base; Clinton 3 - Charleston 1 |
BOTTOM OF THE 4TH |
Charleston RiverDogs batting - Pitching for Clinton LumberKings : LHP Chan-u Lee
|
Batting: RHB Steve Martin
|
0-0: Ball 1-0: Called Strike 1-1: Called Strike 1-2: Ball 2-2: Foul Ball, location: 2F 2-2: Ball 3-2: SINGLE (Groundball, 34D, EV 96.9 MPH)
|
Batting: LHB Tatsuo Yasui
|
0-0: Called Strike 0-1: Foul Ball, location: 2F 0-2: Foul Ball, location: 2F 0-2: SINGLE (Groundball, 25, EV 75.0 MPH) (infield hit) Steve Martin to second
|
Batting: SHB Blake Abbott
|
0-0: Called Strike 0-1: Foul Ball, location: 2F 0-2: Ball 1-2: SINGLE (Groundball, 6MD, EV 103.8 MPH) Steve Martin to third Tatsuo Yasui to second
|
Batting: SHB Mike Goad
|
0-0: Called Strike 0-1: Foul Ball, location: 2F 0-2: Foul Ball, location: 2F 0-2: Ball 1-2: Foul Ball, location: 2F 1-2: Ball Passed Ball! Steve Martin scores Tatsuo Yasui to third Blake Abbott to second 2-2: Foul Ball, location: 2F 2-2: Ball 3-2: Strikes out swinging
|
Batting: RHB Eric Blais
|
0-0: Called Strike 0-1: Swinging Strike 0-2: Foul Ball, location: 2F 0-2: Foul Ball, location: 2F 0-2: Ball 1-2: Strikes out swinging
|
Batting: RHB Nick Massengale
|
0-0: Fly out, F8 (Flyball, 78XD, EV 100.6 MPH)
|
Bottom of the 4th over - 1 run, 3 hits, 0 errors, 2 left on base; Clinton 3 - Charleston 2 |
TOP OF THE 5TH |
Clinton LumberKings batting - Pitching for Charleston RiverDogs : RHP Vince DeFord
|
Batting: LHB Brian Butler
|
0-0: Called Strike 0-1: Called Strike 0-2: Foul Ball, location: 2F 0-2: Strikes out swinging
|
Batting: RHB Emmanuel Thomas
|
0-0: Foul Ball, location: 2F 0-1: Called Strike 0-2: Ball 1-2: Foul Ball, location: 2F 1-2: Foul Ball, location: 2F 1-2: Foul Ball, location: 2F 1-2: Foul Ball, location: 2F 1-2: Ball 2-2: SINGLE (Groundball, 4MD, EV 98.1 MPH)
|
Batting: SHB Victor Rijos
|
0-0: Called Strike Emmanuel Thomas steals 2nd base 0-1: Called Strike 0-2: Strikes out looking
|
Batting: RHB Rick Ellis
|
0-0: Ball 1-0: Foul Ball, location: 2F 1-1: Swinging Strike 1-2: Ball 2-2: Strikes out looking
|
Top of the 5th over - 0 runs, 1 hit, 0 errors, 1 left on base; Clinton 3 - Charleston 2 |
BOTTOM OF THE 5TH |
Charleston RiverDogs batting - Pitching for Clinton LumberKings : LHP Chan-u Lee
|
Batting: RHB Luwen Storm
|
0-0: Ball 1-0: Ball 2-0: Fly out, F7 (Flyball, 78M, EV 93.1 MPH)
|
Pitching: RHP Yic Chen
|
|
Batting: RHB James Boynton
|
0-0: Called Strike 0-1: Called Strike 0-2: Fly out, F7 (Flyball, 7, EV 93.8 MPH)
|
Batting: RHB Mike Gifford
|
0-0: Ground out 6-3 (Groundball, 6, EV 85.0 MPH)
|
Bottom of the 5th over - 0 runs, 0 hits, 0 errors, 0 left on base; Clinton 3 - Charleston 2 |
TOP OF THE 6TH |
Clinton LumberKings batting - Pitching for Charleston RiverDogs : RHP Vince DeFord
|
Batting: SHB Jose Castillo
|
0-0: Called Strike 0-1: Ball 1-1: Swinging Strike 1-2: Strikes out swinging
|
Batting: RHB Josh Ruhl
|
0-0: Foul Ball, location: 2F 0-1: Ball 1-1: Ball 2-1: Ball 3-1: Called Strike 3-2: SINGLE (Groundball, 6MS, EV 75.6 MPH) (infield hit)
|
Batting: LHB Justin Long
|
0-0: Swinging Strike 0-1: Ball 1-1: Ball 2-1: Foul Ball, location: 2F 2-2: Strikes out swinging
|
Batting: LHB Jason Hopkins
|
0-0: Called Strike 0-1: Called Strike 0-2: Strikes out swinging
|
Top of the 6th over - 0 runs, 1 hit, 0 errors, 1 left on base; Clinton 3 - Charleston 2 |
BOTTOM OF THE 6TH |
Charleston RiverDogs batting - Pitching for Clinton LumberKings : RHP Yic Chen
|
Batting: RHB Steve Martin
|
0-0: Ball 1-0: Ball 2-0: SINGLE (Line Drive, 34, EV 101.3 MPH)
|
Batting: LHB Tatsuo Yasui
|
0-0: Ball 1-0: Swinging Strike 1-1: Ball 2-1: Fielders Choice at 2nd, 4-6 (Groundball, 34, EV 90.6 MPH)
|
Batting: SHB Blake Abbott
|
0-0: Called Strike 0-1: Ball 1-1: Ball 2-1: Foul Ball, location: 2F 2-2: Ball 3-2: Strikes out swinging Tatsuo Yasui is caught stealing 2nd base 2-6 Batter strikes out.
|
Bottom of the 6th over - 0 runs, 1 hit, 0 errors, 0 left on base; Clinton 3 - Charleston 2 |
TOP OF THE 7TH |
Clinton LumberKings batting - Pitching for Charleston RiverDogs : RHP Vince DeFord
|
Batting: SHB Detlef Oursler
|
0-0: Called Strike 0-1: Foul Ball, location: 2F 0-2: Ball 1-2: Ball 2-2: Ball 3-2: Base on Balls
|
Pitching: RHP Aaron Brill
|
|
Batting: LHB Brian Butler
|
0-0: Ball Detlef Oursler steals 2nd base (no throw) 1-0: Called Strike 1-1: Called Strike 1-2: Foul Ball, location: 2F 1-2: Strikes out swinging
|
Batting: RHB Emmanuel Thomas
|
0-0: Called Strike 0-1: Ball 1-1: Ball 2-1: Ball 3-1: Base on Balls
|
Batting: SHB Victor Rijos
|
0-0: Called Strike 0-1: Ball 1-1: Fielders Choice at 2nd, 4-6 (Groundball, 4D, EV 88.8 MPH) Detlef Oursler to third
|
Batting: RHB Rick Ellis
|
0-0: Ball 1-0: Called Strike 1-1: Called Strike 1-2: Strikes out swinging
|
Top of the 7th over - 0 runs, 0 hits, 0 errors, 2 left on base; Clinton 3 - Charleston 2 |
BOTTOM OF THE 7TH |
Charleston RiverDogs batting - Pitching for Clinton LumberKings : RHP Yic Chen
|
Batting: SHB Mike Goad
|
0-0: Ball 1-0: Ball 2-0: Ball 3-0: Called Strike 3-1: Called Strike 3-2: Base on Balls
|
Batting: RHB Eric Blais
|
0-0: Called Strike 0-1: Bunt missed! 0-2: Foul Ball, location: 2F 0-2: Strikes out swinging
|
Batting: RHB Nick Massengale
|
0-0: Called Strike 0-1: Ball 1-1: Ball 2-1: Reached on error, E6 (Groundball, 6, EV 84.4 MPH) Mike Goad to second
|
Batting: RHB Luwen Storm
|
0-0: Ball 1-0: Reached on error, E5 (Groundball, 56S, EV 65.0 MPH) Mike Goad to third Nick Massengale to second
|
Batting: RHB James Boynton
|
0-0: SINGLE (Line Drive, 3D, EV 100.0 MPH) Mike Goad scores Nick Massengale to third Luwen Storm to second Runner from 3rd tries for Home, SAFE, throw by RF to home
|
Batting: RHB Mike Gifford
|
0-0: Called Strike 0-1: Foul Ball, location: 2F 0-2: Grounds into double play, 5-4-3 (Groundball, 5, EV 88.8 MPH)
|
Bottom of the 7th over - 2 runs, 1 hit, 2 errors, 1 left on base; Clinton 3 - Charleston 4 |
TOP OF THE 8TH |
Clinton LumberKings batting - Pitching for Charleston RiverDogs : RHP Aaron Brill
|
Pitching: RHP Jorge Aranda
|
|
Batting: SHB Jose Castillo
|
0-0: Called Strike 0-1: Foul Ball, location: 2F 0-2: Strikes out swinging
|
Batting: RHB Josh Ruhl
|
0-0: Ground out 6-3 (Groundball, 6, EV 106.3 MPH)
|
Batting: LHB Justin Long
|
0-0: Foul Ball, location: 2F 0-1: Ball 1-1: Ball 2-1: Foul Ball, location: 2F 2-2: Ball 3-2: Foul Ball, location: 2F 3-2: Fly out, F6 (Popup, 6, EV 77.5 MPH)
|
Top of the 8th over - 0 runs, 0 hits, 0 errors, 0 left on base; Clinton 3 - Charleston 4 |
BOTTOM OF THE 8TH |
Charleston RiverDogs batting - Pitching for Clinton LumberKings : RHP Yic Chen
|
Pitching: LHP Rentaro Minami
|
|
Batting: RHB Steve Martin
|
0-0: Ground out 4-3 (Groundball, 4, EV 94.4 MPH)
|
Batting: LHB Tatsuo Yasui
|
0-0: Swinging Strike 0-1: Ball 1-1: Foul Ball, location: 2F 1-2: Strikes out looking
|
Batting: SHB Blake Abbott
|
0-0: Called Strike 0-1: Ball 1-1: Foul Ball, location: 2F 1-2: Ball 2-2: Ball 3-2: Base on Balls
|
Batting: SHB Mike Goad
|
0-0: Ball 1-0: Ball 2-0: Called Strike 2-1: Foul Ball, location: 2F 2-2: Ball 3-2: Ground out 6-3 (Groundball, 6, EV 98.1 MPH)
|
Bottom of the 8th over - 0 runs, 0 hits, 0 errors, 1 left on base; Clinton 3 - Charleston 4 |
TOP OF THE 9TH |
Clinton LumberKings batting - Pitching for Charleston RiverDogs : RHP Jorge Aranda
|
Pitching: RHP Bruce Cruz
|
|
Batting: LHB Jason Hopkins
|
0-0: Fly out, F8 (Flyball, 8RD, EV 93.1 MPH)
|
Batting: SHB Detlef Oursler
|
0-0: Called Strike 0-1: Ground out 4-3 (Groundball, 4, EV 115.0 MPH)
|
Batting: LHB Brian Butler
|
0-0: Called Strike 0-1: Called Strike 0-2: Ball 1-2: Foul Ball, location: 2F 1-2: Strikes out swinging
|
Top of the 9th over - 0 runs, 0 hits, 0 errors, 0 left on base; Clinton 3 - Charleston 4 |
|